 Dungeon Crawl Stone Soup version 0.20-a0-548-g4f8a798 (webtiles) character file.

911 Krakonus1 the Poker (level 8, -3/69 HPs)
             Began as a Hill Orc Monk on Feb 1, 2017.
             Was a Believer of Beogh.
             Killed from afar by an orc wizard (8 damage)
             ... with a puff of flame
             ... on level 6 of the Dungeon on Feb 2, 2017.
             The game lasted 00:39:02 (5631 turns).

Krakonus1 the Poker (Hill Orc Monk)                 Turns: 5631, Time: 00:39:05

Health: -3/69      AC: 14    Str: 16      XL:     8   Next: 8%
Magic:  8/8        EV:  8    Int:  9 (10) God:    Beogh [**....]
Gold:   397        SH:  0    Dex: 11 (13) Spells: 4/7 levels left

rFire    . . .     SeeInvis .   a - +1 spear
rCold    . . .     Gourm    .   d - +0 chain mail
rNeg     . . .     Faith    .   (no shield)
rPois    .         Spirit   .   m - +2 helmet
rElec    .         Reflect  .   q - +0 cloak
rCorr    .         Harm     .   (no gloves)
MR       .....                  (no boots)
Stlth    ..........             (no amulet)
Regen    0.3/turn               (no ring)
                                (no ring)

@: confused
A: no striking features
a: Smiting, Renounce Religion


You were on level 6 of the Dungeon.
You worshipped Beogh.
Beogh was pleased with you.
You were not hungry.

You visited 1 branch of the dungeon, and saw 6 of its levels.

You collected 397 gold pieces.

Inventory:

Hand Weapons
 a - a +1 spear (weapon)
 n - a +4 quarterstaff of chaos
 o - a cursed -1 rapier
 u - a +0 flail of holy wrath
 w - the +1 long sword of the Wasp {freeze, rF+ rC- MR+, unknown}
   (You found it on level 4 of the Dungeon)

   It has been specially enchanted to freeze those struck by it, causing extra
   injury to most foes and up to half again as much damage against particularly
   susceptible opponents.
   It can also slow down cold-blooded creatures.
   It protects you from fire.
   It makes you vulnerable to cold.
   It affects your resistance to hostile enchantments.
 y - a +2 dire flail of protection
Armour
 b - a +0 robe
 d - a +0 chain mail (worn)
 m - a +2 helmet (worn)
 q - a +0 cloak (worn)
Jewellery
 p - an uncursed ring of magical power
Wands
 h - a wand of lightning (6/15)
 i - a wand of polymorph (5/24)
 v - a wand of digging (13/24)
 z - a wand of random effects (21/48)
Scrolls
 f - 3 scrolls of remove curse
 s - 3 scrolls of amnesia
Potions
 e - a potion of degeneration
 l - 3 potions of cancellation
 r - a potion of ambrosia
 A - a potion of haste
Books
 B - a book of Cantrips

   Spells                             Type                      Level
   a - Confusing Touch                Hexes                        1
   b - Animate Skeleton               Necromancy                   1
   c - Summon Small Mammal            Summoning                    1
   d - Apportation                    Translocation                1
Comestibles
 c - a bread ration
 j - a royal jelly
 k - 3 meat rations


   Skills:
 + Level 5.4 Fighting
 + Level 7.3 Polearms
 * Level 4.9 Armour
 + Level 3.1 Dodging
 + Level 1.8 Stealth
 + Level 1.3 Evocations


You had 4 spell levels left.
You knew the following spells:

 Your Spells              Type           Power        Failure   Level  Hunger
a - Summon Small Mammal   Summ           #...         100%        1    ##.....
b - Confusing Touch       Hex            #.....       100%        1    ##.....
c - Animate Skeleton      Necr           N/A          100%        1    ##.....


Dungeon Overview and Level Annotations

Branches:
Dungeon (6/15)             Temple (0/1) D:5

Altars:
Dithmenos

Shops:
D:6 *


Message History

You resist with some effort.
Your magical contamination has completely faded away.
You completely miss the orc wizard.
The orc wizard is lightly wounded.
The orc hits you but does no damage.
The orc wizard hits you but does no damage.
The orc warrior hits you but does no damage.
You closely miss the orc warrior.
The orc warrior is heavily wounded.
The orc closely misses you.
The orc wizard gestures wildly while chanting.
The orc wizard flickers and vanishes!
The orc warrior hits you with a mace.
* * * LOW HITPOINT WARNING * * *
You're too confused to move!
The orc hits you.
* * * LOW HITPOINT WARNING * * *
You hear some strange, mumbled words.
A puff of flame appears from out of thin air!
The puff of flame hits you!
You die...
Beogh appreciates something's killing of a heretic priest.

#8# ....
####.###....
#{8.∩o8.§...
####.{o..o.$###
...##.#8#####
#.##.#.#
#####......##
#.##o{{oo......###
#..o@####........###
......###
#.>........# .....#
#..<....##.# #.###
##.....## .# #
#.......# .
##.......#
#...(....#
#.#.....##
...##...##


You could see an orc warrior, an orc wizard and 2 orcs.

Vanquished Creatures
  A basilisk (D:5)
  Edmund (D:4)
  A phantom (D:5)
  An ogre (D:5)
  A scorpion (D:6)
  A centaur zombie (D:5)
  An orc wizard (D:4)
  Crazy Yiuf (D:3)
  Ijyb (D:3)
  An iguana (D:4)
  Terence (D:2)
  2 worker ants
  A worker ant zombie (D:5)
  Robin (D:3)
  6 adders
  A shadow imp (D:4)
  An ooze (D:3)
  A worm (D:3)
  2 dart slugs (D:1)
  4 leopard geckos
  12 orcs
  2 giant cockroaches
  11 goblins
  12 hobgoblins
  18 jackals
  A quokka (D:3)
  2 ball pythons
  6 bats
  4 frilled lizards
  6 kobolds
  A quokka skeleton (D:4)
  7 rats
112 creatures vanquished.

Notes
Turn   | Place    | Note
-------+----------+-------------------------------------------
     0 | D:1      | Krakonus1 the Hill Orc Monk began the quest for the Orb.
     0 | D:1      | Reached XP level 1. HP: 19/19 MP: 1/1
    12 | D:1      | Noticed an octopode
    13 | D:1      | Noticed a formicid
    15 | D:1      | Noticed a spriggan
    15 | D:1      | Noticed a draconian
    17 | D:1      | Noticed a vampire
    17 | D:1      | Noticed a minotaur
    19 | D:1      | Noticed a centaur
    19 | D:1      | Noticed a ghoul
    21 | D:1      | Noticed a tengu
    23 | D:1      | Noticed an ogre
    25 | D:1      | Noticed a demigod
    25 | D:1      | Noticed a troll
    27 | D:1      | Noticed a human
    27 | D:1      | Noticed an elf
    29 | D:1      | Noticed a vine stalker
    29 | D:1      | Noticed a felid
    31 | D:1      | Noticed a merfolk
    31 | D:1      | Noticed a naga
    33 | D:1      | Noticed a dwarf
    35 | D:1      | Noticed a demonspawn
    35 | D:1      | Noticed a gargoyle
    37 | D:1      | Noticed a halfling
   107 | D:1      | Reached XP level 2. HP: 12/27 MP: 2/2
   355 | D:1      | Reached XP level 3. HP: 33/33 MP: 3/3
   981 | D:2      | Reached skill level 4 in Polearms
  1136 | D:2      | Noticed Terence
  1150 | D:2      | Killed Terence
  1150 | D:2      | Reached skill level 1 in Armour
  1150 | D:2      | Reached XP level 4. HP: 41/41 MP: 4/4
  2034 | D:3      | Reached XP level 5. HP: 37/47 MP: 5/5
  2120 | D:3      | Found a faded altar of an unknown god.
  2172 | D:3      | Found a shadowy altar of Dithmenos.
  2388 | D:3      | Found a runed door.
  2498 | D:3      | Reached skill level 5 in Polearms
  2557 | D:3      | Noticed Ijyb
  2599 | D:3      | Killed Ijyb
  2951 | D:3      | Noticed Robin
  3001 | D:3      | Killed Robin
  3260 | D:3      | Noticed Crazy Yiuf
  3262 | D:3      | Killed Crazy Yiuf
  3262 | D:3      | Reached XP level 6. HP: 53/53 MP: 6/6
  3549 | D:4      | Noticed Edmund
  3619 | D:4      | Killed Edmund
  3619 | D:4      | Reached skill level 6 in Polearms
  3826 | D:4      | Reached XP level 7. HP: 60/60 MP: 7/7
  3851 | D:4      | Got a fine long sword
  4242 | D:5      | Entered Level 5 of the Dungeon
  4342 | D:5      | Reached skill level 5 in Fighting
  4373 | D:5      | Became a worshipper of Beogh the Brigand
  4373 | D:5      | Reached * piety under Beogh
  4373 | D:5      | Reached ** piety under Beogh
  4466 | D:5      | Learned a level 1 spell: Summon Small Mammal
  4468 | D:5      | Learned a level 1 spell: Confusing Touch
  4470 | D:5      | Learned a level 1 spell: Animate Skeleton
  4644 | D:5      | Reached skill level 7 in Polearms
  4691 | D:5      | Found a staircase to the Ecumenical Temple.
  5051 | D:5      | Noticed a rime drake
  5051 | D:5      | a water moccasin changed into a rime drake
  5053 | D:5      | Noticed a wyvern
  5053 | D:5      | a rime drake changed into a wyvern
  5056 | D:5      | Noticed a basilisk
  5056 | D:5      | a wyvern changed into a basilisk
  5329 | D:5      | Killed a basilisk
  5342 | D:5      | Reached skill level 1 in Evocations
  5342 | D:5      | Reached XP level 8. HP: 64/69 MP: 8/8
  5543 | D:6      | Found Naugheva's General Store.
  5631 | D:6      | Killed from afar by an orc wizard

Vault maps used:
D:1:      kb_arrival_jail
D:2:      first_bread, uniq_terence
D:3:      chequers_ecumenical_altar_simple, grunt_dithmenos_smoke, uniq_iyjb,
          uniq_robin, uniq_crazy_yiuf_cottage
D:4:      uniq_edmund
D:5:      minmay_temple_entry_fiery
D:6:      serial_shops, nicolae_shop_statue_plus

Skill      XL: |  1  2  3  4  5  6  7 |
---------------+----------------------+-----
Fighting       | 4 5 |  5.4
Polearms       | 4 5 6 7 |  7.3
Armour         | 1 2 3 4 |  4.9
Dodging        | 3 |  3.1
Evocations     | 1 |  1.3
Stealth        | |  1.8

Action                   |  1- 3 |  4- 6 |  7- 9 || total
-------------------------+-------+-------+-------++-------
Melee: Spear             |   153 |   358 |   190 ||   701
Invok: Convert to Beogh  |       |       |     1 ||     1
Evoke: Wand              |       |     7 |    13 ||    20
  Use: Scroll            |     5 |     8 |     8 ||    21
       Potion            |       |     5 |     3 ||     8
  Eat: Chunk             |     1 |     8 |     5 ||    14
       Bread ration      |       |       |     1 ||     1
Armor: Chain mail        |    78 |   147 |    83 ||   308
Dodge: Dodged            |    35 |    78 |    62 ||   175
